 Dungeon Sprint DCSS version 0.30-a0-883-g5ad918d77d (webtiles) character file.

Game seed: 8696043537673201020

28 BigDaddyOpFi the Trooper (level 3, -3/31 (35) HPs)
             Began as a Hill Orc Fighter on Mar 17, 2023.
             Was a Believer of Qazlal.
             Slain by a wight
             ... wielding a +0 mace
              (4 damage)
             ... in the Dungeon (Sprint VII: "The Pits").
             The game lasted 00:00:22 (188 turns).

BigDaddyOpFi the Trooper (Hill Orc Fighter)          Turns: 188, Time: 00:00:22

HP:   -3/31 (35)    AC:  7    Str: 20    XL:     3   Next: 14%
MP:   5/5           EV:  9    Int:  8    God:    Qazlal [**....]
Gold: 0             SH:  7    Dex: 10    Spells: 2/2 levels left

rFire   . . .      SeeInvis .    a - +0 war axe
rCold   . . .      Faith    .    c - +0 buckler
rNeg    . . .      Spirit   .    b - +0 scale mail
rPois   .          Reflect  .    (no helmet)
rElec   .          Rampage  .    (no cloak)
rCorr   .          NoTele   +    (no gloves)
Will    .....                    (no boots) Stlth
                                 (no amulet)
HPRegen 0.25/turn                (no ring)
MPRegen 0.09/turn                (no ring)

@: heavily drained
A: no striking features
a: Renounce Religion, Upheaval


You were in the Dungeon.
You worshipped Qazlal.
Qazlal was pleased with you.
You visited 1 branch

Inventory:

Hand Weapons
 a - a +0 war axe (weapon)
Armour
 b - a +0 scale mail (worn)
 c - a +0 buckler (worn)
Scrolls
 j - a scroll of blinking
Potions
 d - a potion of might
 e - a potion of curing
 f - a potion of heal wounds
 g - a potion of haste
 h - 4 potions of magic
 i - 3 potions of berserk rage
 k - 2 potions of invisibility


   Skills:
 + Level 4.8 Fighting
 + Level 4.4 Axes
 + Level 4.4 Armour
 + Level 4.4 Shields
 * Level 3.0 Invocations


You had 2 spell levels left.
You didn't know any spells.
Your spell library was empty.

Dungeon Overview and Level Annotations

Branches:
Dungeon (1/1)

Altars:
Ashenzari
Cheibriados
Dithmenos
Elyvilon
Fedhas
Gozag
Hepliaklqana
Kikubaaqudgha
Makhleb
Nemelex Xobeh
Okawaru
Qazlal
Ru
Sif Muna
Trog
Uskayaw
Vehumet
Wu Jian
Xom
Yredelemnul
Zin
The Shining One
Beogh
Jiyva
Lugonu


Message History

The jackal barely misses you.
You hit the jackal but do no damage. You block the jackal's attack.
The jackal bites you.
You slash the jackal!
You kill the jackal!
Qazlal accepts your kill.
Your Invocations skill increases to level 3!
There is an open door, spattered with blood here.
You see here a jackal corpse.
You start resting.
Magic restored.
You start resting.
HP restored.
You start waiting.
You open the door.
A wight, an adder skeleton and a ball python come into view.
The ball python hisses angrily.
A wight comes into view. It is wielding a +0 long sword.
There is an open door here.
A wight comes into view. It is wielding a +0 flail.
The wight hits you with a +0 long sword.
You hit the wight.
The wight is moderately damaged.
You barely miss the ball python. You block the ball python's attack.
The ball python grabs you. The ball python constricts you.
You slash the wight!
The wight is almost destroyed.
You hit the wight. You hit the ball python.
You kill the ball python!
Qazlal accepts your kill.
The wight hits you with a +0 long sword!
You feel drained.
You hit the wight but do no damage.
The wight is severely damaged.
You closely miss the wight. The wight closely misses you.
The wight hits you with a +0 long sword. x2
You feel drained. The wight hits you with a +0 mace!
* * * LOW HITPOINT WARNING * * *
You feel drained.
You die...

#...........'........
#+#####'#####......#.
#..#†)# #........
#..†..# ####'####
#..#### #.......#
#..# # #.......# #..#
.# #.......#
##z#..#+###...<...#
#.@Zz....##.......#
#.z§.....##.......#
###########.......#
#########


You could see 3 wights and an adder skeleton.

Vanquished Creatures
  A gnoll (D)
  A river rat (D)
  A hobgoblin (D)
  4 jackals (D)
  A quokka (D)
  A ball python (D)
  A bat (D)
10 creatures vanquished.

Notes
Turn   | Place    | Note
-------+----------+-------------------------------------------
     0 | D        | BigDaddyOpFi the Hill Orc Fighter began the quest for the
                  | Orb.
     0 | D        | Reached XP level 1. HP: 19/19 MP: 1/1
    13 | D        | Reached XP level 2. HP: 28/28 MP: 2/2
    16 | D        | Found a bloodstained altar of Trog.
    16 | D        | Found a shimmering blue altar of Sif Muna.
    16 | D        | Found a viscous altar of Jiyva.
    16 | D        | Found a hazy altar of Hepliaklqana.
    16 | D        | Found an opulent altar of Gozag.
    17 | D        | Found a glowing golden altar of the Shining One.
    17 | D        | Found a glowing silver altar of Zin.
    17 | D        | Found a basalt altar of Yredelemnul.
    17 | D        | Found a shimmering altar of Xom.
    17 | D        | Found an ornate altar of the Wu Jian Council.
    17 | D        | Found a sacrificial altar of Ru.
    17 | D        | Found a stormy altar of Qazlal.
    17 | D        | Found an iron altar of Okawaru.
    17 | D        | Found a sparkling altar of Nemelex Xobeh.
    17 | D        | Found a burning altar of Makhleb.
    17 | D        | Found a blossoming altar of Fedhas.
    17 | D        | Found a white marble altar of Elyvilon.
    17 | D        | Found a shadowy altar of Dithmenos.
    17 | D        | Found a snail-covered altar of Cheibriados.
    18 | D        | Found a radiant altar of Vehumet.
    18 | D        | Found a corrupted altar of Lugonu.
    18 | D        | Found a roughly hewn altar of Beogh.
    19 | D        | Found an ancient bone altar of Kikubaaqudgha.
    19 | D        | Found a hide-covered altar of Uskayaw.
    19 | D        | Found a broken altar of Ashenzari.
    22 | D        | Became a worshipper of Qazlal Stormbringer
    67 | D        | Reached * piety under Qazlal
    72 | D        | Reached XP level 3. HP: 28/34 MP: 4/4
    72 | D        | Reached ** piety under Qazlal
   184 | D        | Noticed a wight
   184 | D        | Noticed a wight
   185 | D        | Noticed a wight
   188 | D        | HP: 1/33 [wight/+0 mace (10)]
   188 | D        | Slain by a wight

Illustrated notes

Levels and vault maps discovered:
D:        pitsprint [storerooms_1, entrance_room_1, metal_vault_6, armoury_3,
          mini_pit_1, grid_room_1, main_hall_1, silver_pit, the_coven_3,
          the_vestibule_1, steel_vault_2, golden_pit, hallway_of_sentries,
          crystal_vault_2, iron_vault_4, final_vault]

Skill      XL: |  1  2  3 |
---------------+----------+-----
Fighting       | 4 |  4.8
Axes           | 3 4 |  4.4
Armour         | 4 |  4.4
Shields        | 4 |  4.4
Invocations    | 2 3 |  3.0

Action                     || total
---------------------------++-------
  Melee: War axe           ||    18
 Armour: Scale mail        ||    11
  Dodge: Dodged            ||    11
  Block: Buckler           ||     4

Table legend: (Time is in decaauts)
 A = Elapsed time spent in this place.
 B = Non-inter-level travel time spent in this place.
 C = Inter-level travel time spent in this place.
 D = Time resting spent in this place.
 E = Time spent auto-exploring this place.
 F = Levels seen in this place.
 G = Mean time per level.
                   A        B        C        D        E       F      G
               +--------+--------+--------+--------+--------+-----+--------+
         Total |    193 |    193 |      0 |    114 |      0 |   1 |  193.0 |
       Dungeon |    193 |    193 |      0 |    114 |      0 |   1 |  193.0 |
               +--------+--------+--------+--------+--------+-----+--------+

Top non-repeatable levels by time:
       D: 193 daAuts
